 Dungeon Crawl Stone Soup version 0.30-a0-632-g346586fe48 (webtiles) character file.

Game seed: 6784999704195838694

1871 Dirtsage the Changer (level 9, -1/64 HPs)
             Began as an Octopode Transmuter on Jan 13, 2023.
             Was an Initiate of the Shining One.
             Slain by an orc warrior
             ... wielding a +0 halberd
              (17 damage)
             ... in a bailey.
             The game lasted 00:22:44 (6755 turns).

Dirtsage the Changer (Octopode Transmuter)          Turns: 6755, Time: 00:22:46

Health: -1/64      AC:  8    Str: 18    XL:     9   Next: 13%
Magic:  4/12       EV: 15    Int: 19    God:    the Shining One [......]
Gold:   1154       SH:  5    Dex: 15    Spells: 2/12 levels left

rFire   . . .      SeeInvis .      - Unarmed
rCold   + + +      Faith    .    (shield currently unavailable)
rNeg    . . .      Spirit   .    (helmet currently unavailable)
rPois   +          Reflect  +    G - amulet of reflection
rElec   .          Harm     .    P - ring of poison resistance
rCorr   .          Rampage  .    m - +6 ring of strength
Will    .....                    A - ring of flight
Stlth   +                        C - ring "Efiraoh" {EV+5 Str+2 Dex+3}
HPRegen 0.30/turn                F - ring of protection from fire
MPRegen 0.13/turn                (no ring)
                                 (no ring)
                                 (no ring)

@: ice-form, wereblooded, flying, glowing
A: freezing attack, boosted hp, almost no armour, amphibious, 8 rings, large,
(camouflage 1), (gelatinous body 1), (nimble swimmer 1), (tentacles)
a: End Transformation, Renounce Religion


You were in a bailey.
You worshipped the Shining One.
The Shining One was noncommittal.
You were a creature of crystalline ice.
You visited 2 branches of the dungeon, and saw 8 of its levels.
You also visited: Bailey.

You collected 1427 gold pieces.
You spent 273 gold pieces at shops.

Inventory:

Missiles
 e - 4 atropa-tipped darts
Magical Staves
 w - a staff of air
Jewellery
 m - a +6 ring of strength (right front paw)
 x - a ring of ice
 A - a ring of flight (on tentacle)
 C - the ring "Efiraoh" (on tentacle) {EV+5 Str+2 Dex+3}
   (You found it on level 4 of the Dungeon)

   [ring of evasion]

   EV:        It affects your evasion (+5).
   Str:       It affects your strength (+2).
   Dex:       It affects your dexterity (+3).
 F - a ring of protection from fire (on tentacle)
 G - an amulet of reflection (around neck)
 P - a ring of poison resistance (left front paw)
Wands
 s - a wand of acid (19)
 z - a wand of polymorph (3)
 D - a wand of digging (5)
 E - a wand of charming (13)
 H - a wand of mindburst (15)
Scrolls
 c - a scroll of vulnerability
 d - a scroll of magic mapping
 g - a scroll of fear
 h - a scroll of immolation
 k - a scroll of silence
 o - a scroll of enchant weapon
 p - a scroll of poison
 t - 2 scrolls of teleportation
 y - a scroll of torment {unknown}
 J - a scroll of brand weapon {unknown}
 K - a scroll of enchant armour
Potions
 a - 2 potions of lignification
 b - 2 potions of brilliance
 f - 3 potions of invisibility
 i - a potion of experience {unknown}
 l - 2 potions of heal wounds
 n - 2 potions of resistance
 q - 2 potions of curing
 I - a potion of magic
 L - 2 potions of mutation


   Skills:
 + Level 2.1 Fighting
 + Level 2.7 Dodging
 * Level 4.2 Unarmed Combat
 - Level 2.0 Spellcasting
 * Level 7.7 Transmutations
 * Level 7.3 Ice Magic
 + Level 2.0 Invocations


You had 2 spell levels left.
You knew the following spells:

 Your Spells              Type           Power      Damage    Failure   Level
a - Beastly Appendage     Tmut           62%        N/A       1%          1
b - Wereblood             Tmut           31%        N/A       1%          2
c - Frozen Ramparts       Ice            58%        1d9       2%          3
d - Ice Form              Ice/Tmut       30%        N/A       8%          4

Your spell library contained the following spells:

 Spells                   Type           Power      Damage    Failure   Level
 Sting                    Tmut/Pois      64%        1d6       3%          1
 Foxfire                  Conj/Fire      4%         2x1d4     17%         1
 Poisonous Vapours        Pois/Air       2%         N/A       26%         2
 Spider Form              Tmut/Pois      16%        N/A       11%         3
 Summon Ice Beast         Ice/Summ       15%        N/A       36%         4
 Olgreb's Toxic Radiance  Pois           1%         N/A       86%         4
 Fireball                 Conj/Fire      0%         3d3       99%         5
 Starburst                Conj/Fire      0%         6d3       100%        6


Dungeon Overview and Level Annotations

Branches:
Dungeon (7/15)             Temple (1/1) D:6          Bailey (1/1)

Altars:
Ashenzari
Elyvilon
Fedhas
Gozag
Kikubaaqudgha
Qazlal
Sif Muna
Vehumet
Wu Jian
Zin
The Shining One

Shops:
D:1 =   D:6 :*=*[

Annotations:
D:5 2 runed translucent doors, funkygono's ghost, novice GrFE


Innate Abilities, Weirdness & Mutations

You are a creature of crystalline ice.
You have a powerful freezing melee attack.
Your maximum health is increased.
Your armour is entirely melded.
You are incapable of wielding weapons or throwing items.
You cannot wear most types of armour.
You are amphibious.
You can wear up to eight rings at the same time.
((Your skin changes colour to match your surroundings (Stealth+).))
((Your rubbery body absorbs attacks. (AC +1, EV +1)))
((You are camouflaged when in or above water. (Stealth+)))
((You have tentacles for arms and can constrict up to eight enemies at once.))


Message History

You hit the orc warrior. You freeze the orc warrior.
The orc warrior is severely wounded.
The wall freezes the orc warrior.
The orc warrior closely misses you.
The wall freezes the orc warrior.
The orc warrior misses you.
You hit the orc warrior. You freeze the orc warrior.
The orc warrior is almost dead.
The wall freezes the orc warrior but does no damage.
You block the orc warrior's attack.
The wall freezes the orc warrior!
You kill the orc warrior!
Your Invocations skill increases to level 2!
You swing at nothing.
The wall freezes the orc warrior but does no damage.
The orc warrior hits you from afar with a +0 halberd!
You take 9 damage, and have 55/64 hp.
You swing at nothing.
The wall freezes the orc warrior.
The orc warrior hits you from afar with a +0 halberd!
You take 7 damage, and have 48/64 hp.
You swing at nothing.
The wall freezes the orc warrior but does no damage.
The orc warrior hits you from afar with a +0 halberd!
You take 10 damage, and have 38/64 hp.
You punch the orc warrior! You freeze the orc warrior.
The orc warrior is heavily wounded.
The wall freezes the orc warrior but does no damage.
The orc warrior hits you with a +0 halberd!
The wall freezes the orc warrior but does no damage.
The orc warrior barely misses you.
You take 13 damage, and have 25/64 hp.
MASSIVE DAMAGE!!
You punch the orc warrior! You freeze the orc warrior.
The orc warrior is almost dead.
The wall freezes the orc warrior but does no damage.
The orc warrior completely misses you.
The wall freezes the orc warrior.
The orc warrior hits you from afar with a +0 halberd!
* * * LOW HITPOINT WARNING * * *
You take 10 damage, and have 15/64 hp.
You hit the orc warrior but do no damage.
The orc warrior is almost dead.
The frozen ramparts melt away.
The orc warrior hits you with a +0 halberd!
You die...

##.....##
#.......#
#.......#
#..#.#..#
#..#8#..#
#.))o...#
##.)o..##
###o###
#Y..#
#...#
#...#
#...#
###'###
##.....##
#.......#
#.......#
#....).)#


You could see 2 orc warriors and an orc.

Vanquished Creatures
  Duvessa (D:4)
  6 orc warriors (Bailey)
  An ice beast (D:5)
  A black bear (D:6)
  A phantom (D:3)
  2 bullfrogs (D:6)
  2 scorpions (D:5)
  Dowan (D:4)
  A jelly (D:4)
  A lava snake (D:7)
  5 hounds
  An orc priest (D:5)
  A gnoll bouda (D:4)
  2 iguanas
  8 gnolls
  14 adders
  2 white imps
  2 worms
  2 dart slugs
  21 orcs
  6 ball pythons
  10 bats
  5 endoplasms
  A giant cockroach (D:1)
  5 goblins
  3 hobgoblins
  2 quokkas
  3 frilled lizards
  6 kobolds
  4 rats
120 creatures vanquished.

Notes
Turn   | Place    | Note
-------+----------+-------------------------------------------
     0 | D:1      | Dirtsage the Octopode Transmuter began the quest for the
                  | Orb.
     0 | D:1      | Reached XP level 1. HP: 13/13 MP: 3/3
   154 | D:1      | Reached skill level 1 in Ice Magic
   154 | D:1      | Reached XP level 2. HP: 18/18 MP: 3/5
   336 | D:1      | Learned a level 2 spell: Wereblood
   518 | D:1      | Found Zuvvaug's One-of-a-Kind Rings.
   861 | D:2      | Reached XP level 3. HP: 23/23 MP: 4/6
   982 | D:2      | Found a faded altar of an unknown god.
  1348 | D:2      | Reached XP level 4. HP: 27/28 MP: 5/7
  1833 | D:3      | Noticed a phantom
  1846 | D:3      | Killed a phantom
  1847 | D:3      | Reached XP level 5. HP: 23/33 MP: 8/8
  1969 | D:3      | Learned a level 4 spell: Ice Form
  2899 | D:4      | Reached XP level 6. HP: 34/38 MP: 7/9
  3085 | D:4      | Reached skill level 5 in Transmutations
  3261 | D:4      | Noticed Duvessa
  3263 | D:4      | Noticed Dowan
  3272 | D:4      | Killed Duvessa
  3273 | D:4      | Reached XP level 7. HP: 35/43 MP: 6/10
  3278 | D:4      | Killed Dowan
  3279 | D:4      | Reached skill level 5 in Ice Magic
  3405 | D:4      | Learned a level 3 spell: Frozen Ramparts
  3721 | D:4      | Identified the ring "Efiraoh" {EV+5 Str+2 Dex+3}
  3845 | D:5      | Entered Level 5 of the Dungeon
  4441 | D:5      | Reached XP level 8. HP: 48/48 MP: 8/11
  4572 | D:5      | Found a large runed translucent door.
  4572 | D:5      | Found a large runed translucent door.
  4574 | D:5      | Noticed funkygono's ghost (novice GrFE)
  5269 | D:6      | Found Ovacs's Antique Armour Emporium.
  5296 | D:6      | Found Xycius's Assorted Antiques.
  5306 | D:6      | Bought a scroll of identify for 54 gold pieces
  5306 | D:6      | Bought a scroll of identify for 54 gold pieces
  5306 | D:6      | Bought a scroll of identify for 54 gold pieces
  5308 | D:6      | Identified a scroll of acquirement
  5309 | D:6      | Acquired a ring of protection from fire
  5347 | D:6      | Found a staircase to the Ecumenical Temple.
  5368 | Temple   | Entered the Ecumenical Temple
  5483 | Temple   | Became a worshipper of the Shining One
  5581 | D:6      | Acquired 989 gold pieces
  5601 | D:6      | Found Kyenan's Jewellery Boutique.
  5813 | D:6      | Found Plog's Assorted Antiques.
  5828 | D:6      | Bought a scroll of identify for 48 gold pieces
  5828 | D:6      | Bought a red potion for 21 gold pieces
  5828 | D:6      | Bought a cyan potion for 21 gold pieces
  5828 | D:6      | Bought a viscous orange potion for 21 gold pieces
  5899 | D:6      | Found Qin Diaw's Book Shoppe.
  6216 | D:7      | Found a flagged portal.
  6227 | Bailey   | Entered a bailey
  6238 | Bailey   | Reached skill level 1 in Invocations
  6520 | Bailey   | Reached XP level 9. HP: 19/54 MP: 8/12
  6755 | Bailey   | Slain by an orc warrior

Illustrated notes

Levels and vault maps discovered:
D:1:      sevenhm_arrival_forest_fort_large_2, layout_loops_ring,
          nicolae_shop_unique_rings, minivault_25
D:2:      layout_basic, basic_ecumenical_altar, grunt_ministairs_7
D:3:      layout_loops_ring, roderic_lattice_a
D:4:      layout_basic, minmay_misc_feat_iff, uniq_duvessa
D:5:      layout_loops_corners, ebering_ghost_disaster_area, item_on_display_a
D:6:      layout_rooms, minmay_temple_entry_wispy, serial_shops, shop,
          nicolae_shop_hallway_plus, nicolae_lakefront_shop,
          nicolae_shop_hallway_stairs, shop
D:7:      layout_loops_ring, gammafunk_ghost_hive, enter_bailey_2,
          kennysheep_cluttered_room, minmay_misc_feat_nine_boxes,
          minmay_stone_trees_small, uniq_pikel
Temple:   hellmonk_temple_forest_ring
Bailey:   bailey_polearm_5, bailey

Skill      XL: |  1  2  3  4  5  6  7  8  9 |
---------------+----------------------------+-----
Ice Magic      | 1 2 3 4 6 7 |  7.3
Transmutations | 3 4 5 6 7 |  7.7
Invocations    | 1 2 |  2.0
Unarmed Combat | 4 |  4.2
Fighting       | 2 |  2.1
Dodging        | |  2.7
Spellcasting   | |  2.0

Action                   |  1- 3 |  4- 6 |  7- 9 || total
-------------------------+-------+-------+-------++-------
Melee: Unarmed           |    81 |    83 |   132 ||   296
       Kick              |    22 |    13 |     1 ||    36
       Constrict         |    21 |    13 |     2 ||    36
       Tentacles         |     8 |     8 |     1 ||    17
       Punch             |     1 |     2 |     2 ||     5
 Cast: Beastly Appendage |    20 |    11 |     4 ||    35
       Wereblood         |     1 |     3 |     4 ||     8
       Ice Form          |       |     4 |    23 ||    27
       Frozen Ramparts   |       |       |     6 ||     6
  Use: Potion            |       |     1 |     8 ||     9
       Scroll            |       |       |    18 ||    18
 Stab: Sleeping          |     1 |     4 |       ||     5
       Distracted        |       |     1 |       ||     1
Armor: Skin              |     9 |    13 |    61 ||    83
Dodge: Dodged            |    57 |    36 |    79 ||   172
Block: Other             |       |       |    23 ||    23
       Reflection        |       |       |     1 ||     1

Table legend: (Time is in decaauts)
 A = Elapsed time spent in this place.
 B = Non-inter-level travel time spent in this place.
 C = Inter-level travel time spent in this place.
 D = Time resting spent in this place.
 E = Time spent auto-exploring this place.
 F = Levels seen in this place.
 G = Mean time per level.
                   A        B        C        D        E       F      G
               +--------+--------+--------+--------+--------+-----+--------+
         Total |   6726 |   6540 |    186 |    270 |   5249 |   9 |  747.3 |
       Dungeon |   6084 |   5905 |    179 |     34 |   5077 |   7 |  869.1 |
        Temple |    123 |    116 |      7 |      0 |     97 |   1 |  123.0 |
        Bailey |    518 |    518 |      0 |    236 |     75 |   1 |  518.0 |
               +--------+--------+--------+--------+--------+-----+--------+

Top non-repeatable levels by time:
     D:5: 1213 daAuts
     D:3: 1031 daAuts
     D:4: 1007 daAuts
     D:2: 987 daAuts
     D:6: 841 daAuts
     D:1: 806 daAuts
  Bailey: 518 daAuts
     D:7: 196 daAuts
  Temple: 123 daAuts
